 Dungeon Crawl Stone Soup version 0.28.0 (webtiles) character file.

Game seed: 10799906627834883636

80553 dolemite99 the Destroyer (level 15, -3/129 HPs)
             Began as a Demonspawn Conjurer on Feb 14, 2022.
             Was a Priest of Jiyva.
             Slain by a deep elf knight (4 damage)
             ... on level 13 of the Dungeon.
             The game lasted 01:13:35 (29939 turns).

dolemite99 the Destroyer (Demonspawn Conjurer)     Turns: 29939, Time: 01:13:36

Health: -3/129     AC: 15    Str: 14    XL:     15   Next: 24%
Magic:  20/27      EV: 16    Int: 25    God:    Jiyva [***...]
Gold:   161        SH:  0    Dex: 15    Spells: 2/30 levels left

rFire   + . .      SeeInvis +   a - +1 hunting sling (freeze)
rCold   + . .      Faith    .   (no shield)
rNeg    + . .      Spirit   .   H - +1 swamp dragon scales
rPois   +          Reflect  .   I - +2 helmet of Boj Afem {rPois Dex+3 SInv}
rElec   +          Harm     .   g - scarf {rC+ rF+}
rCorr   +          Rampage  .   C - +1 pair of gloves "Fuzaepro" {Str+5}
Will    +++..                   (no boots)
Stlth   ++........              n - amulet "Doarisytz" {Acrobat rElec rPois}
HPRegen 1.43/turn               w - ring of the Garden {rN+ Will+ rCorr Stlth+, =R}
MPRegen 0.55/turn               E - ring of poison resistance

@: no status effects
A: claws 1, yellow scales 2, demonic guardian 3, foul stench 2, robust 1,
strong-willed 1, sense surroundings 3, shaggy fur 1, wild magic 3, pseudopods 1,
tendrils, jelly sensing items, jelly absorbing missiles, engulf
a: Renounce Religion, Oozemancy


You were on level 13 of the Dungeon.
You worshipped Jiyva.
Jiyva was most pleased with you.
You visited 3 branches of the dungeon, and saw 21 of its levels.
You also visited: Ossuary.

You collected 952 gold pieces.
You spent 791 gold pieces at shops.

Inventory:

Hand Weapons
 a - a +1 hunting sling of freezing (weapon)
 b - a +4 vampiric trident
 f - a +1 spear of venom
 m - a +2 vampiric whip
 s - a +0 scimitar of flaming
 t - a +4 morningstar
 v - a +0 hunting sling
 G - a +5 eveningstar of flaming
 P - a +2 trident of flaming
 S - a +0 trident of venom
Missiles
 i - 355 stones
 j - 309 arrows
 u - 8 boomerangs
 y - 10 poisoned darts
 K - a throwing net
 T - 2 javelins
 U - 14 sling bullets (quivered ammo)
Armour
 g - a scarf of resistance (worn)
 k - the +10 chain mail of Integrity {Str+4 Int+5 SInv Stlth-}
   (You found it on level 2 of the Dungeon)

   Str:       It affects your strength (+4).
   Int:       It affects your intelligence (+5).
   SInv:      It lets you see invisible.
   Stlth:     It makes you less stealthy.
 C - the +1 pair of gloves "Fuzaepro" (worn) {Str+5}
   (You found it on level 6 of the Lair of Beasts)

   Str:       It affects your strength (+5).
 H - +1 swamp dragon scales (worn)
 I - the +2 helmet of Boj Afem (worn) {rPois Dex+3 SInv}
   (You bought it in a shop on level 2 of the Orcish Mines)

   Dex:       It affects your dexterity (+3).
   rPois:     It protects you from poison.
   SInv:      It lets you see invisible.
 R - a +1 kite shield of reflection
Magical Staves
 c - a staff of fire
 o - a staff of poison
Jewellery
 n - the amulet "Doarisytz" (around neck) {Acrobat rElec rPois}
   (You acquired it on level 9 of the Dungeon)

   [amulet of the acrobat]

   It increases your evasion while moving and waiting.
   rElec:     It insulates you from electricity.
   rPois:     It protects you from poison.
 w - the ring of the Garden (left hand) {rN+ Will+ rCorr Stlth+, =R}
   (You found it on level 9 of the Dungeon)

   [ring of willpower]

   rN:        It protects you from negative energy.
   rCorr:     It protects you from acid and corrosion.
   Will:      It increases your willpower.
   Stlth:     It makes you more stealthy.
 A - an amulet of magic regeneration
 D - a ring of wizardry
 E - a ring of poison resistance (right hand)
 J - a ring of protection from cold
Wands
 p - a wand of digging (7)
 L - a wand of iceblast (8)
 Q - a wand of flame (21)
Scrolls
 h - 2 scrolls of teleportation
 F - a scroll of fear
 N - 2 scrolls of immolation
 O - 2 scrolls of silence
 V - a scroll of holy word {unknown}
Potions
 e - 3 potions of degeneration
 l - a potion of haste {unknown}
 r - 3 potions of attraction
 x - 2 potions of ambrosia
 z - a potion of flight {unknown}
 B - 7 potions of curing
Miscellaneous
 M - a phial of floods


   Skills:
 - Level 11.0 Fighting
 - Level 6.4 Polearms
 - Level 4.6 Slings
 - Level 5.0 Armour
 - Level 12.0 Dodging
 - Level 1.7 Stealth
 - Level 8.0 Spellcasting
 - Level 12.8 Conjurations
 - Level 7.0 Hexes
 + Level 6.6 Fire Magic
 - Level 4.6 Air Magic
 - Level 6.4 Poison Magic


You had 2 spell levels left.
You knew the following spells:

 Your Spells              Type           Power      Damage    Failure   Level
a - Iskenderun's Battles  Conj           96%        2d14      9%          5
b - Magic Dart            Conj           100%       1d8       1%          1
c - Searing Ray           Conj           100%       2d8       2%          2
d - Fulminant Prism       Conj/Hex       42%        3d20      10%         4
e - Dazzling Flash        Conj/Hex       100%       N/A       4%          3
f - Mephitic Cloud        Conj/Pois/Air  76%        N/A       8%          3
g - Freezing Cloud        Conj/Ice/Air   32%        6-21      56%         5
h - Fireball              Conj/Fire      42%        3d17      21%         5

Your spell library contained the following spells:

 Spells                   Type           Power      Damage    Failure   Level
 Static Discharge         Conj/Air       80%        N/A       4%          2
 Ensorcelled Hibernation  Hex/Ice        100%       N/A       16%         2
 Call Imp                 Summ           19%        N/A       41%         2
 Passwall                 Tmut/Erth      15%        N/A       41%         2
 Swiftness                Air            58%        N/A       19%         3
 Ignite Poison            Fire/Tmut/Pois 57%        N/A       21%         3
 Portal Projectile        Hex/Tloc       100%       N/A       26%         3
 Hailstorm                Conj/Ice       68%        3d14      26%         4
 Iskenderun's Mystic Bla  Conj/Tloc      68%        2d14      26%         4
 Leda's Liquefaction      Hex/Erth       25%        N/A       52%         4
 Starburst                Conj/Fire      42%        6d12      58%         6
 Call Canine Familiar     Summ           19%        N/A       61%         3
 Animate Dead             Necr           9%         N/A       91%         4
 Ice Form                 Ice/Tmut       19%        N/A       91%         4
 Iron Shot                Conj/Erth      34%        9d7       92%         6
 Borgnjor's Vile Clutch   Necr/Erth      9%         N/A       99%         5
 Lee's Rapid Deconstruct  Erth           9%         3d8*      99%         5
 Death Channel            Necr           9%         N/A       100%        6
 Simulacrum               Ice/Necr       9%         N/A       100%        6
 Statue Form              Tmut/Erth      12%        N/A       100%        6
 Spellforged Servitor     Conj/Summ      34%        N/A       100%        7


Dungeon Overview and Level Annotations

Branches:
Dungeon (13/15)            Temple (0/1) D:4            Lair (6/6) D:8
 Shoals (0/4) Lair:3        Snake (0/4) Lair:3        Slime (0/5) Lair:5
    Orc (2/2) D:10            Elf (0/3) Orc:2       Ossuary (visited)
 Vaults: D:13-14

Altars:
Elyvilon
Fedhas
Qazlal
Trog
Vehumet
Xom
Beogh
Jiyva

Shops:
D:10 [(   Orc:2 (:[

Portals:
Trove: D:12 (give 2 scrolls of acquirement)

Annotations:
D:3 1 runed translucent door, hikkokomori's ghost, amateur FoFi
D:7 3 runed translucent doors, sanboga's ghost, novice GrFi
Lair:2 1 runed translucent door, avis's ghost, journeyman OpTm
Lair:5 1 runed translucent door
Orc:1 Jorgrun


Innate Abilities, Weirdness & Mutations

You have sharp fingernails.
You are mostly covered in yellow scales. (AC +3)
A powerful demonic guardian rushes to your aid.
You sometimes emit foul miasma when damaged in melee.
You are robust. (+10% HP)
You are strong-willed. (Will+)
You passively map a large area around you.
You are covered in fur. (AC +1)
Your spells are much harder to cast, but much more powerful.
Armour fits poorly on your pseudopods.
You are covered in slimy tendrils that may disarm your opponents.
You have a small jelly attached to you that senses nearby items.
You have a small jelly attached to you that may absorb projectiles.
Your melee attacks may engulf your foes in ooze.


Message History

Your battlesphere fires!
The barrage of energy hits the deep elf knight!
The deep elf knight is moderately wounded.
The centaur warrior hits you but does no damage.
The centaur warrior kicks you.
The deep elf zephyrmancer gestures wildly while chanting.
The deep elf zephyrmancer blinks!
The deep elf knight casts a spell at you.
The lance of force hits you!!
* * * LOW HITPOINT WARNING * * *
You are knocked back by the lance of force.
You collide with your battlesphere!
Your battlesphere is severely damaged.
Casting: Magic Dart (safe; 1% risk of failure)
Confirm with . or Enter, or press ? or * to list all spells.
Aiming: Magic Dart (safe; 1% risk of failure)
Press: ? - help, Shift-Dir - straight line, f/p - deep elf zephyrmancer
Aim: a deep elf zephyrmancer, wielding a +0 long sword (severely wounded, 100% to hit)
The magic dart hits the centaur warrior.
The centaur warrior is heavily wounded.
The centaur warrior hits you.
* * * LOW HITPOINT WARNING * * *
The centaur warrior kicks you but does no damage.
The deep elf knight hits you with a +2 vorpal scimitar!
* * * LOW HITPOINT WARNING * * *
A demonic guardian appears!
* * * LOW HITPOINT WARNING * * *
The deep elf zephyrmancer casts a spell.
The deep elf zephyrmancer blinks!
The centaur warrior barely misses you.
The centaur warrior kicks you but does no damage.
The deep elf knight hits you with a +2 vorpal scimitar!
* * * LOW HITPOINT WARNING * * *
x2
Okay, then.
You feel much better. The centaur warrior hits you.
* * * LOW HITPOINT WARNING * * *
The centaur warrior kicks you.
* * * LOW HITPOINT WARNING * * *
The deep elf knight hits you with a +2 vorpal scimitar!!
* * * LOW HITPOINT WARNING * * *
You die...

.......J..........
...#.J#..#..#..#..*
..................
.................., ,*
..########''######**
..# #....#, ,, ..# ,
#....#∆ , .#
..#..####....######..#
..#.....).....3e@*...#
..#............c.....#
..###..######.)#######
..#........^.[§.e....#
..#... .......e...c..#
..#..**##..e.######..#
..#.. ...... , .# ..#
∆...... ,, , ..# *
####.. * * *


You could see a centaur warrior (ally target), a deep elf knight (fast), a deep
elf zephyrmancer, a friendly soul eater (summoned) and a friendly battlesphere.

Vanquished Creatures
  Donald (Orc:2)
  2 fire dragons
  Snorg (D:11)
  2 ettins (Orc:2)
  Josephine (D:10)
  2 boulder beetles (D:13)
  11 hydras
  2 ogre magi (Orc:2)
  A centaur warrior (D:13)
  7 death yaks
  11 two-headed ogres
  A deep elf knight (D:13)
  Sonja (D:11)
  2 deep trolls (Orc:2)
  A swamp dragon (Lair:6)
  2 deep elf archers (D:13)
  4 deep elf zephyrmancers (D:13)
  7 deep elf pyromancers (D:13)
  2 manticores
  A wolf spider (Lair:6)
  5 cyclopes
  2 ugly things
  A guardian serpent (Lair:6)
  17 black mambas
  Maggie (Lair:2)
  A gargoyle (D:12)
  8 cane toads
  2 torpor snails (Lair:4)
  3 rime drakes
  9 komodo dragons
  7 trolls
  2 polar bears
  3 hornets
  15 blink frogs
  3 dream sheep (Lair:4)
  A vampire (D:12)
  A spriggan (shapeshifter) (D:9)
  10 wyverns
  13 yaks
  7 wraiths
  3 basilisks
  3 redbacks (Lair:6)
  A steam dragon (Lair:6)
  5 vampire mosquitoes
  3 nagas (Lair:3)
  29 water moccasins
  4 swamp drakes (Lair:6)
  22 orc warriors
  18 ogres
  A hornet zombie (D:5)
  A sky beast (D:6)
  8 boggarts
  9 centaurs
  7 wolves
  4 kobold brigands
  An elf zombie (Ossuary)
  3 jellies
  12 bullfrogs
  4 gnoll sergeants (D:10)
  9 killer bees
  3 wights (D:7)
  3 howler monkeys
  3 centaur zombies
  9 orc priests
  A centaur skeleton (D:5)
  2 hounds (D:4)
  A bullfrog skeleton (D:5)
  5 hell rats (Lair:2)
  4 iguanas (Lair:6)
  15 orc wizards
  2 mummies (Ossuary)
  A howler monkey zombie (D:8)
  4 gnolls
  5 adders
  A howler monkey skeleton (D:7)
  2 shadow imps
  3 white imps
  An adder zombie (Ossuary)
  2 worms
  61 orcs
  A bat (D:3)
  An endoplasm (D:1)
  A giant cockroach (D:1)
  5 goblins
  9 hobgoblins
  2 jackals (D:2)
  14 kobolds
  2 quokkas
  2 ball pythons (D:1)
  2 frilled lizards (D:1)
  8 hobgoblin zombies (Ossuary)
  8 kobold zombies (Ossuary)
  5 orc zombies (Ossuary)
  4 rats
  A fulminant prism (D:10)
513 creatures vanquished.

Vanquished Creatures (collateral kills)
  2 hydras
  A boulder beetle (D:9)
  A centaur warrior (D:13)
  2 death yaks (Lair:5)
  A flayed ghost (D:9)
  A merfolk siren (Lair:3)
  A gargoyle (D:9)
  A rime drake (Lair:6)
  A komodo dragon (Lair:6)
  2 polar bears
  5 blink frogs
  11 yaks
  A steam dragon (D:10)
  2 water moccasins
  An orc warrior (D:8)
  2 ogres (D:6)
  2 wolves (Lair:2)
  A boggart (D:13)
  A bullfrog (Lair:4)
  A gnoll sergeant (D:6)
  An orc priest (D:8)
  2 iguanas
  2 gnolls (D:6)
  2 orcs
47 creatures vanquished.

Vanquished Creatures (others)
  A deep elf pyromancer (D:13)
  A deep elf zephyrmancer (D:13)
  3 trolls
  3 yaks
  2 wyverns
  A basilisk (D:11)
  A water moccasin (Lair:3)
  4 orc warriors
  A black bear (D:5)
  A centaur (D:6)
  An ogre (Orc:2)
  A necrophage (D:6)
  A bullfrog (D:7)
  3 howler monkeys
  A centaur zombie (Ossuary)
  4 hounds
  4 orc priests
  142 jellies
  A gnoll shaman (D:5)
  An iguana (Lair:6)
  5 orc wizards
  12 gnolls
  An adder (D:5)
  2 shadow imps (D:6)
  An ufetubus (D:6)
  3 worms
  3 endoplasms (D:3)
  21 orcs
  2 goblins (D:4)
  2 hobgoblins
  A kobold (D:7)
  2 bats
  A frilled lizard (D:3)
  A goblin zombie (Ossuary)
  A hobgoblin zombie (Ossuary)
  3 kobold zombies (Ossuary)
  4 orc zombies (Ossuary)
  3 rats
  3 rat zombies (Ossuary)
  2 bushes (Lair:6)
  22 fulminant prisms
  131 fungi
  190 plants
593 creatures vanquished.

Grand Total: 1153 creatures vanquished

Notes
Turn   | Place    | Note
-------+----------+-------------------------------------------
     0 | D:1      | dolemite99 the Demonspawn Conjurer began the quest for the
                  | Orb.
     0 | D:1      | Reached XP level 1. HP: 13/13 MP: 3/3
   576 | D:1      | Gained mutation: A weak demonic guardian rushes to your
                  | aid. [demonic ancestry]
   576 | D:1      | Reached XP level 2. HP: 19/19 MP: 1/5
  1082 | D:1      | Found a faded altar of an unknown god.
  1167 | D:1      | Prayed at the altar of an unknown god.
  1167 | D:1      | Became a worshipper of Jiyva Juloq the Shapeless
  1167 | D:1      | Reached * piety under Jiyva
  1318 | D:2      | Identified the +10 chain mail of Integrity {Str+4 Int+5
                  | SInv Stlth-}
  1369 | D:2      | Learned a level 2 spell: Searing Ray
  1534 | D:2      | Found a bloodstained altar of Trog.
  1537 | D:2      | Reached ** piety under Jiyva
  1783 | D:2      | Identified the +7 whip of Duty {vorpal, rElec rC++ Str+3
                  | Int+3}
  2045 | D:2      | Reached skill level 5 in Conjurations
  2045 | D:2      | Gained mutation: You may rarely emit foul miasma when
                  | damaged in melee. [demonic ancestry]
  2045 | D:2      | Reached XP level 3. HP: 24/24 MP: 2/6
  2356 | D:3      | Reached *** piety under Jiyva
  2705 | D:3      | Found a runed translucent door.
  2825 | D:3      | Noticed hikkokomori's ghost (amateur FoFi)
  2827 | D:3      | Gained mutation: Your body has grown eyes which may confuse
                  | attackers. (Acc +3) [Jiyva's grace]
  2827 | D:3      | Gained mutation: Your body has grown many eyes which may
                  | confuse attackers. (Acc +5) [Jiyva's grace]
  2827 | D:3      | Gained mutation: Your body is covered in eyes which may
                  | confuse attackers. (Acc +7, SInv) [Jiyva's grace]
  2827 | D:3      | Gained mutation: You are covered in slimy tendrils that may
                  | disarm your opponents. [Jiyva's grace]
  3166 | D:4      | Gained mutation: You are partially covered in yellow
                  | scales. (AC +2) [demonic ancestry]
  3166 | D:4      | Reached XP level 4. HP: 30/30 MP: 3/7
  3348 | D:4      | Reached **** piety under Jiyva
  3476 | D:4      | Found a staircase to the Ecumenical Temple.
  3918 | D:5      | Entered Level 5 of the Dungeon
  4033 | D:5      | Reached ***** piety under Jiyva
  4220 | D:5      | Killed a black bear
  4387 | D:5      | Reached XP level 5. HP: 33/35 MP: 5/8
  4965 | D:5      | Found a radiant altar of Vehumet.
  5246 | D:5      | Gained mutation: You have sharp fingernails. [demonic
                  | ancestry]
  5246 | D:5      | Reached XP level 6. HP: 41/41 MP: 5/9
  5363 | D:5      | Gained mutation: You have a small jelly attached to you
                  | that senses nearby items. [Jiyva's grace]
  5363 | D:5      | Gained mutation: You have large cloven feet. [Jiyva's
                  | grace]
  5363 | D:5      | Gained mutation: You have hoof-like feet. [Jiyva's grace]
  5363 | D:5      | Gained mutation: You have hooves in place of feet. [Jiyva's
                  | grace]
  5963 | D:6      | Reached XP level 7. HP: 41/46 MP: 9/11
  5966 | D:6      | HP: 2/46 [ogre (26)]
  5999 | D:6      | Learned a level 3 spell: Dazzling Flash
  6004 | D:6      | Learned a level 4 spell: Fulminant Prism
  6138 | D:6      | Reached skill level 1 in Fighting
  6658 | D:6      | Reached ****** piety under Jiyva
  6996 | D:7      | Found a blossoming altar of Fedhas.
  7070 | D:6      | Gained mutation: You are mostly covered in yellow scales.
                  | (AC +3) [demonic ancestry]
  7070 | D:6      | Reached XP level 8. HP: 58/58 MP: 9/13
  7241 | D:7      | Found a shimmering altar of Xom.
  7259 | D:7      | Reached skill level 1 in Polearms
  7850 | D:7      | Found a runed translucent gate.
  7851 | D:7      | Found a runed translucent gate.
  7853 | D:7      | Found a runed translucent gate.
  7853 | D:7      | Noticed sanboga's ghost (novice GrFi)
  8391 | D:8      | Found a sand-covered staircase.
  8396 | Ossuary  | Entered an ossuary
  9240 | D:8      | You fall into a shaft and drop 2 floors!
  9240 | D:10     | Entered Level 10 of the Dungeon
  9332 | D:9      | Reached XP level 9. HP: 57/67 MP: 10/14
  9368 | D:9      | Identified a scroll of acquirement
  9368 | D:9      | Acquired the amulet "Doarisytz" {Acrobat rElec rPois}
  9424 | D:9      | Lost mutation: Your body is covered in eyes which may
                  | confuse attackers. (Acc +7, SInv) [Jiyva's grace]
  9424 | D:9      | Gained mutation: You have a small jelly attached to you
                  | that may absorb projectiles. [Jiyva's grace]
  9424 | D:9      | Gained mutation: You are agile. (Dex +2) [Jiyva's grace]
  9424 | D:9      | Gained mutation: You are very agile. (Dex +4) [Jiyva's
                  | grace]
  9424 | D:9      | Gained mutation: Armour fits poorly on your pseudopods.
                  | [Jiyva's grace]
  9451 | D:9      | Reached skill level 5 in Fighting
  9451 | D:9      | Reached skill level 5 in Dodging
  9518 | D:9      | Noticed a cyclops
  9534 | D:9      | Killed a cyclops
 10012 | D:9      | Noticed a boulder beetle
 10035 | D:9      | Killed a boulder beetle
 10044 | D:9      | Noticed a four-headed hydra
 10047 | D:9      | Killed a four-headed hydra
 10048 | D:9      | Reached skill level 10 in Conjurations
 10048 | D:9      | Gained mutation: A demonic guardian rushes to your aid.
                  | [demonic ancestry]
 10048 | D:9      | Reached XP level 10. HP: 47/79 MP: 15/15
 10064 | D:9      | Noticed a seven-headed hydra
 10093 | D:9      | Killed a seven-headed hydra
 10164 | D:9      | Noticed a gargoyle
 10178 | D:9      | Killed a gargoyle
 10179 | D:9      | Reached skill level 1 in Hexes
 10543 | D:9      | Noticed a fire dragon
 10543 | D:9      | Noticed a flayed ghost
 10562 | D:9      | Killed a flayed ghost
 10599 | D:9      | Killed a fire dragon
 11042 | D:9      | Identified the +2 hat of a bailey {+Blink rF+ rC- Will+}
 11044 | D:9      | Identified the ring of the Garden {rN+ Will+ rCorr Stlth+}
 11311 | D:8      | Found a staircase to the Lair.
 11734 | D:10     | Reached skill level 5 in Hexes
 11765 | D:10     | Identified the +1 robe "Itheod" {Harm Will++ Str+4 Dex-4}
 11927 | Lair:1   | Entered Level 1 of the Lair of Beasts
 11932 | Lair:1   | Learned a level 3 spell: Mephitic Cloud
 12091 | Lair:1   | Lost mutation: You are very agile. (Dex +4) [Jiyva's grace]
 12091 | Lair:1   | Lost mutation: Your body has grown many eyes which may
                  | confuse attackers. (Acc +5) [Jiyva's grace]
 12091 | Lair:1   | Gained mutation: You are strong-willed. (Will+) [Jiyva's
                  | grace]
 12091 | Lair:1   | Gained mutation: You are highly strong-willed. (Will++)
                  | [Jiyva's grace]
 12091 | Lair:1   | Gained mutation: You are extremely strong-willed. (Will+++)
                  | [Jiyva's grace]
 12091 | Lair:1   | Gained mutation: Your natural rate of healing is unusually
                  | fast. [Jiyva's grace]
 12185 | Lair:1   | Noticed a four-headed hydra
 12197 | Lair:1   | Killed a four-headed hydra
 12198 | Lair:1   | Gained mutation: A powerful demonic guardian rushes to your
                  | aid. [demonic ancestry]
 12198 | Lair:1   | Reached XP level 11. HP: 86/86 MP: 7/16
 13095 | Lair:2   | Noticed Maggie
 13133 | Lair:2   | Killed Maggie
 13431 | Lair:2   | Found a runed translucent door.
 13451 | Lair:2   | Noticed avis's ghost (journeyman OpTm)
 13587 | Lair:2   | Reached skill level 5 in Poison Magic
 13899 | Lair:2   | Noticed a four-headed hydra
 13921 | Lair:2   | Killed a four-headed hydra
 14198 | Lair:3   | Reached skill level 1 in Slings
 14198 | Lair:3   | Reached skill level 1 in Air Magic
 14710 | Lair:3   | Noticed an eight-headed hydra
 14724 | Lair:3   | Killed an eight-headed hydra
 14771 | Lair:3   | Found a stormy altar of Qazlal.
 14785 | Lair:3   | Reached XP level 12. HP: 93/93 MP: 11/17
 15060 | Lair:3   | Found a staircase to the Snake Pit.
 15608 | Lair:3   | Found a staircase to the Shoals.
 15621 | Lair:3   | Learned a level 5 spell: Iskenderun's Battlesphere
 15623 | Lair:3   | Learned a level 1 spell: Magic Dart
 15693 | Lair:4   | Lost mutation: You have hooves in place of feet. [Jiyva's
                  | grace]
 15693 | Lair:4   | Lost mutation: You are agile. (Dex +2) [Jiyva's grace]
 15693 | Lair:4   | Gained mutation: You have supernaturally acute eyesight.
                  | (SInv) [Jiyva's grace]
 15693 | Lair:4   | Gained mutation: You passively map a small area around you.
                  | [Jiyva's grace]
 15693 | Lair:4   | Gained mutation: You passively map the area around you.
                  | [Jiyva's grace]
 15693 | Lair:4   | Gained mutation: You passively map a large area around you.
                  | [Jiyva's grace]
 15695 | Lair:4   | Noticed a seven-headed hydra
 15705 | Lair:4   | Killed a seven-headed hydra
 15803 | Lair:4   | Noticed a four-headed hydra
 15817 | Lair:4   | Killed a four-headed hydra
 16908 | Lair:5   | Noticed a seven-headed hydra
 16908 | Lair:5   | Noticed a death yak
 16908 | Lair:5   | Noticed a death yak
 16909 | Lair:5   | Noticed a death yak
 16931 | Lair:4   | Killed a seven-headed hydra
 17105 | Lair:5   | Noticed a five-headed hydra
 17164 | Lair:5   | Noticed a death yak
 17203 | Lair:4   | Killed a death yak
 17207 | Lair:4   | Killed a death yak
 17386 | Lair:4   | Killed a five-headed hydra
 17455 | Lair:4   | Killed a death yak
 18142 | Lair:5   | Gained mutation: You are robust. (+10% HP) [demonic
                  | ancestry]
 18142 | Lair:5   | Reached XP level 13. HP: 97/113 MP: 14/19
 18473 | Lair:5   | Reached skill level 5 in Spellcasting
 18505 | Lair:5   | Reached skill level 10 in Dodging
 18888 | Lair:5   | Found a runed translucent door.
 18888 | Lair:5   | Found a viscous altar of Jiyva.
 18888 | Lair:5   | Found a staircase to the Slime Pits.
 18888 | Lair:5   | Noticed an azure jelly
 18888 | Lair:5   | Noticed an azure jelly
 18910 | Lair:5   | Lost mutation: You passively map a large area around you.
                  | [Jiyva's grace]
 18910 | Lair:5   | Lost mutation: You are covered in slimy tendrils that may
                  | disarm your opponents. [Jiyva's grace]
 18910 | Lair:5   | Gained mutation: Your spells are a little harder to cast,
                  | but a little more powerful. [Jiyva's grace]
 18910 | Lair:5   | Gained mutation: Your spells are harder to cast, but more
                  | powerful. [Jiyva's grace]
 18910 | Lair:5   | Gained mutation: Your spells are much harder to cast, but
                  | much more powerful. [Jiyva's grace]
 18910 | Lair:5   | Gained mutation: Your body has grown many eyes which may
                  | confuse attackers. (Acc +5) [Jiyva's grace]
 19091 | Lair:6   | Entered Level 6 of the Lair of Beasts
 20238 | Lair:6   | Reached skill level 10 in Fighting
 20295 | Lair:6   | Learned a level 5 spell: Freezing Cloud
 20382 | Lair:6   | Identified the +1 pair of gloves "Fuzaepro" {Str+5}
 20529 | Lair:6   | Identified the +0 chain mail of the Weaver {rPois Regen+
                  | Dex-5}
 20844 | Lair:6   | Was placed under penance by Jiyva
 20849 | Lair:6   | Gained mutation: You sometimes emit foul miasma when
                  | damaged in melee. [demonic ancestry]
 20849 | Lair:6   | Reached XP level 14. HP: 115/122 MP: 10/24
 20944 | Lair:6   | Was forgiven by Jiyva
 22183 | D:10     | Found Nulutoukk's Armour Boutique.
 22192 | D:10     | Found Geaxoh's Weapon Boutique.
 22501 | D:10     | Found a staircase to the Orcish Mines.
 22939 | D:10     | Lost mutation: You have hoof-like feet. [Jiyva's grace]
 22939 | D:10     | Lost mutation: You have supernaturally acute eyesight.
                  | (SInv) [Jiyva's grace]
 22939 | D:10     | Lost mutation: You passively map the area around you.
                  | [Jiyva's grace]
 22939 | D:10     | Lost mutation: Your natural rate of healing is unusually
                  | fast. [Jiyva's grace]
 22939 | D:10     | Lost mutation: Your body has grown many eyes which may
                  | confuse attackers. (Acc +5) [Jiyva's grace]
 22939 | D:10     | Gained mutation: You are covered in fur. (AC +1) [Jiyva's
                  | grace]
 22939 | D:10     | Gained mutation: You are covered in thick fur. (AC +2)
                  | [Jiyva's grace]
 22939 | D:10     | Gained mutation: Your thick and shaggy fur keeps you warm.
                  | (AC +3, rC+) [Jiyva's grace]
 22939 | D:10     | Gained mutation: Your melee attacks may engulf your foes in
                  | ooze. [Jiyva's grace]
 22951 | D:10     | Noticed Josephine
 22968 | D:10     | Killed Josephine
 23202 | Orc:1    | Entered Level 1 of the Orcish Mines
 23493 | Orc:2    | Entered Level 2 of the Orcish Mines
 23493 | Orc:2    | Found a staircase to the Elven Halls.
 23748 | Orc:2    | Noticed Donald
 23749 | Orc:2    | Reached skill level 5 in Polearms
 23768 | Orc:2    | Killed Donald
 24276 | Orc:2    | Reached skill level 1 in Armour
 24852 | Orc:2    | Found Doakkal's Antique Armour Emporium.
 24861 | Orc:2    | Found Illaew's Antique Weapon Shoppe.
 25362 | Orc:2    | Found Hoheash's Antique Weapon Boutique.
 25393 | Orc:2    | Found Pallucesk's Book Emporium.
 25516 | Orc:2    | Reached skill level 5 in Armour
 25636 | Orc:2    | Bought a bloodstained helmet for 247 gold pieces
 25636 | Orc:2    | Identified the +2 helmet of Boj Afem {rPois Dex+3 SInv}
                  | (You bought it in a shop on level 2 of the Orcish Mines)
 25925 | Orc:1    | Noticed Jorgrun
 26374 | Orc:2    | Bought the Almanac of Attacks for 544 gold pieces
 26445 | D:11     | Noticed Snorg
 26455 | D:11     | Killed Snorg
 26707 | D:11     | Noticed Sonja
 26713 | D:11     | Killed Sonja
 26816 | D:11     | Learned a level 5 spell: Fireball
 26906 | D:11     | Reached skill level 1 in Fire Magic
 27034 | D:11     | Lost mutation: You have large cloven feet. [Jiyva's grace]
 27034 | D:11     | Lost mutation: You are extremely strong-willed. (Will+++)
                  | [Jiyva's grace]
 27034 | D:11     | Lost mutation: You are highly strong-willed. (Will++)
                  | [Jiyva's grace]
 27034 | D:11     | Lost mutation: Your thick and shaggy fur keeps you warm.
                  | (AC +3, rC+) [Jiyva's grace]
 27034 | D:11     | Lost mutation: You are covered in thick fur. (AC +2)
                  | [Jiyva's grace]
 27034 | D:11     | Lost mutation: Your body has grown eyes which may confuse
                  | attackers. (Acc +3) [Jiyva's grace]
 27034 | D:11     | Lost mutation: Your melee attacks may engulf your foes in
                  | ooze. [Jiyva's grace]
 27034 | D:11     | Gained mutation: You are covered in slimy tendrils that may
                  | disarm your opponents. [Jiyva's grace]
 27034 | D:11     | Gained mutation: Your melee attacks may engulf your foes in
                  | ooze. [Jiyva's grace]
 27034 | D:11     | Gained mutation: You passively map the area around you.
                  | [Jiyva's grace]
 27034 | D:11     | Gained mutation: You passively map a large area around you.
                  | [Jiyva's grace]
 28511 | D:12     | Found a portal to a secret trove of treasure.
 29140 | D:13     | Reached XP level 15. HP: 129/129 MP: 21/27
 29510 | D:13     | Reached skill level 5 in Fire Magic
 29938 | D:13     | HP: 4/129 [deep elf knight (7)]
 29939 | D:13     | HP: 1/129 [deep elf knight (20)]
 29939 | D:13     | Slain by a deep elf knight

Illustrated notes

Levels and vault maps discovered:
D:1:      minmay_arrival_semitransparent, layout_rooms,
          chequers_ecumenical_altar_twisty, serial_forest,
          infiniplex_forest_clump_medium, infiniplex_forest_zigzag_2,
          infiniplex_forest_clump_medium, infiniplex_forest_clump_curved,
          infiniplex_forest_end_2, infiniplex_forest_corner_1,
          infiniplex_forest_lined_2, infiniplex_forest_lined_4_way
D:2:      layout_basic, basic_altar, kennysheep_generic_room_10
D:3:      layout_loops_ring, ebering_ghost_sewer_d,
          minmay_misc_feat_more_columns, hangedman_decor_clover_reticule,
          st_stairs_3
D:4:      layout_basic, minmay_temple_entry_arrows, minmay_ruptured
D:5:      layout_basic, vehumet_crystals
D:6:      layout_gridville, cheibrodos_sewer_entry_bend, minmay_diced_spiral
D:7:      layout_gridville, lemuel_crystal_altar, mainiacjoe_overflow_24_doors,
          ebering_ghost_rock_garden
D:8:      layout_basic, elyvilon_altar_1, dpeg_oklobed_lair,
          nicolae_ossuary_entry_false_entrances
D:9:      minmay_sliced_demisemicircle, layout_grid_maze, enter_bailey_5,
          chequers_jeans
D:10:     layout_cave_pods, kennysheep_orc_monster_closet_entryway,
          nicolae_wooded_promenade, glass_columns_c, minmay_unpleasant_kobolds,
          uniq_josephine
D:11:     layout_cave_pods, uniq_snorg, uniq_sonja
D:12:     layout_roguey, special_room [special_room_orc], trove_entry_hex_spiral
D:13:     minmay_elf_outpost, layout_rooms
Lair:1:   layout_regular_city, infiniplex_staircase_pool_2, serial_bayou_shore_b
Lair:2:   layout_misc_corridors, ebering_ghost_reflecting_pool, uniq_maggie
Lair:3:   layout_layer_cave, minmay_shoals_entry_lonely_mermaid,
          minmay_snake_entry_guardpost_small, basic_altar, lemuel_fruit_tree
Lair:4:   layout_gridlike
Lair:5:   beast_lair_carwin_large_3, layout_gridlike, slime_altar_2
Lair:6:   hangedman_lair_tendril_chambers, layout_gridlike,
          guppyfry_lair_end_dragon, wad_woods_06,
          chequers_serial_rivers_small_a, amcnicky_mini_pool_medium,
          serial_bayou_shore_b
Orc:1:    layout_caves, hangedman_minor_magic, uniq_jorgrun
Orc:2:    st_orc_open, layout_caves, uniq_donald

Skill      XL: |  1  2  3  4  5  6  7  8  9 10 11 12 13 14 15 |
---------------+----------------------------------------------+-----
Conjurations   | 5 6 7 8 10 11 12 | 12.8
Spellcasting   | 3 4 7 8 |  8.0
Fighting       | 3 4 7 8 9 10 11 | 11.0
Dodging        | 3 4 6 7 9 12 | 12.0
Polearms       | 3 6 |  6.4
Hexes          | 5 7 |  7.0
Poison Magic   | 2 6 |  6.4
Slings         | 4 |  4.6
Air Magic      | 4 |  4.6
Armour         | 5 |  5.0
Fire Magic     | 3 6 |  6.6
Stealth        | |  1.7

Action                   |  1- 3 |  4- 6 |  7- 9 | 10-12 | 13-15 || total
-------------------------+-------+-------+-------+-------+-------++-------
Melee: Unarmed           |    17 |       |       |       |       ||    17
       Club              |     7 |       |       |       |       ||     7
       Punch             |     2 |     1 |     5 |     2 |       ||    10
       Whip              |    24 |    41 |     3 |       |       ||    68
       Kick              |       |     4 |    23 |     3 |     7 ||    37
       Trident           |       |       |    68 |    12 |    19 ||    99
       Pseudopods        |       |       |     1 |     1 |     4 ||     6
 Fire: Hunting sling     |       |       |   103 |   173 |   249 ||   525
Throw: Boomerang         |     5 |       |       |       |       ||     5
       Javelin           |    22 |    13 |     2 |       |       ||    37
       Stone             |       |     1 |    20 |       |       ||    21
       Dart              |       |       |       |     2 |       ||     2
 Cast: Magic Dart        |    22 |     5 |    49 |   123 |   534 ||   733
       Searing Ray       |     5 |    10 |    22 |    66 |    64 ||   167
       Fulminant Prism   |       |       |     2 |     7 |    14 ||    23
       Mephitic Cloud    |       |       |       |    13 |    39 ||    52
       Iskenderun's Batt |       |       |       |    16 |    91 ||   107
       Dazzling Flash    |       |       |       |       |     4 ||     4
       Freezing Cloud    |       |       |       |       |     1 ||     1
Invok: Oozemancy         |       |       |     5 |    17 |    12 ||    34
       Slimify           |       |       |     1 |       |       ||     1
 Abil: Evoke Blink       |       |       |       |       |     1 ||     1
Evoke: Wand              |       |       |       |     3 |     1 ||     4
       Phial of floods   |       |       |       |       |     2 ||     2
  Use: Scroll            |       |     4 |     8 |     6 |     8 ||    26
       Potion            |       |       |     3 |     1 |     2 ||     6
 Stab: Sleeping          |     1 |       |       |       |       ||     1
       Confused          |       |     1 |     4 |       |       ||     5
Armor: Robe              |     8 |    12 |    47 |       |       ||    67
       Skin              |       |       |    36 |       |       ||    36
       Steam dragon scal |       |       |    19 |    86 |    71 ||   176
       Swamp dragon scal |       |       |       |       |    69 ||    69
Dodge: Dodged            |    42 |    49 |   180 |   371 |   552 ||  1194
